 Dungeon Crawl Stone Soup version 0.28.0 (webtiles) character file.

Game seed: 11316457091841345455

93 laceratedsky the Chopper (level 4, -3/41 HPs)
             Began as a Minotaur Berserker on Feb 6, 2022.
             Was a Follower of Trog.
             Slain by bande's ghost (4 damage)
             ... on level 3 of the Dungeon.
             The game lasted 00:05:08 (2450 turns).

laceratedsky the Chopper (Minotaur Berserker)       Turns: 2450, Time: 00:05:08

Health: -3/41      AC: 12    Str: 23    XL:     4   Next: 36%
Magic:  3/3        EV:  7    Int:  4    God:    Trog [*.....]
Gold:   97         SH:  0    Dex: 10    Spells: 3/3 levels left

rFire   . . .      SeeInvis .   a - +0 hand axe
rCold   . . .      Faith    .   (no shield)
rNeg    . . .      Spirit   .   k - +0 plate armour
rPois   .          Reflect  .   (helmet restricted)
rElec   .          Harm     .   (no cloak)
rCorr   .          Rampage  .   f - +0 pair of gloves
Will    .....                   (no boots)
Stlth   ..........              (no amulet)
HPRegen 0.13/turn               (no ring)
MPRegen 0.08/turn               (no ring)

@: flying
A: horns 2, retaliatory headbutt
a: Renounce Religion, Berserk


You were on level 3 of the Dungeon.
You worshipped Trog.
Trog was aware of your devotion.
You visited 2 branches of the dungeon, and saw 5 of its levels.

You collected 97 gold pieces.

Inventory:

Hand Weapons
 a - a +0 hand axe (weapon)
Missiles
 m - 19 arrows
Armour
 f - a +0 pair of gloves (worn)
 g - a +0 ring mail
 k - a +0 plate armour (worn)
Jewellery
 j - a ring of magical power
Scrolls
 c - a scroll of acquirement {unknown}
 d - a scroll of fog {unknown}
 e - a scroll of teleportation {unknown}
 h - a scroll of holy word {unknown}
 l - a scroll of identify {unknown}
Potions
 b - 2 potions of flight
 i - a potion of curing {unknown}
 n - a potion of invisibility {unknown}
 o - a potion of might {unknown}


   Skills:
 + Level 4.5 Fighting
 + Level 5.1 Axes
 + Level 3.0 Armour
 + Level 2.3 Dodging
 + Level 0.2 Stealth


You had 3 spell levels left.
You didn't know any spells.
Your spell library was empty.

Dungeon Overview and Level Annotations

Branches:
Dungeon (4/15)             Temple (1/1) D:4

Altars:
Ashenzari
Cheibriados
Dithmenos
Elyvilon
Fedhas
Gozag
Hepliaklqana
Kikubaaqudgha
Makhleb
Nemelex Xobeh
Okawaru
Ru
Sif Muna
Trog
Uskayaw
Vehumet
Xom
Yredelemnul
Zin
The Shining One

Annotations:
D:3 1 transporter, bande's ghost, amateur GrFi


Innate Abilities, Weirdness & Mutations

You have a pair of horns on your head.
You reflexively headbutt those who attack you in melee.


Message History

Your Axes skill increases to level 5!
Your Armour skill increases to level 3!
You have reached level 4!
You feel agile.
You barely miss the bullfrog zombie.
The bullfrog zombie is severely damaged.
You hit the centaur zombie but do no damage.
You hit bande's ghost.
The centaur zombie hits you but does no damage.
The centaur zombie kicks you.
The bullfrog zombie hits you but does no damage.
Bande's ghost hits you!
* * * LOW HITPOINT WARNING * * *
You barely miss the bullfrog zombie. You headbutt the bullfrog zombie.
The bullfrog zombie is severely damaged.
You hit the centaur zombie. You hit bande's ghost.
The centaur zombie hits you but does no damage.
The centaur zombie kicks you but does no damage.
The bullfrog zombie barely misses you.
The bullfrog zombie hits you but does no damage.
The centaur zombie hits you but does no damage.
The centaur zombie kicks you but does no damage.
Bande's ghost hits you but does no damage.
It was a potion of flight.
You feel very buoyant.
You fly up into the air.
The bullfrog zombie hits you but does no damage.
The centaur zombie barely misses you. You furiously retaliate!
You headbutt the centaur zombie!
The centaur zombie kicks you but does no damage.
Bande's ghost hits you.
* * * LOW HITPOINT WARNING * * *
You hit the bullfrog zombie.
The bullfrog zombie is severely damaged.
You hit bande's ghost but do no damage. You slash the centaur zombie!
The centaur zombie hits you but does no damage.
The centaur zombie kicks you.
* * * LOW HITPOINT WARNING * * *
The bullfrog zombie hits you but does no damage.
Bande's ghost hits you.
You die...

#.........†...............#
#.........................#####
#.........#############.......#
#.........#...........#..####.#
######+#..#...........#.......#
###.#..#..###.###..#.)######
#......#..#8#.#8#.$#....#
#....#..........$#..#.#
#...©#...Z@Z....(#©.#.#
##...#...W......(#..# #
##.†#?.#8#.#8#.(#..#
#..#..###:###..#..# #
#..#..........Z#..#.#
#..#..........©#..#.#
#..#############....#
#.................###
#.................#


You could see bande's ghost, a bullfrog zombie and a centaur zombie.

Vanquished Creatures
  A centaur skeleton (D:3)
  2 adders (D:2)
  2 worms
  A dart slug (D:1)
  5 endoplasms
  2 giant cockroaches
  3 goblins
  2 hobgoblins (D:1)
  3 jackals (D:2)
  3 quokkas
  3 ball pythons
  5 bats
  A frilled lizard (D:2)
  A kobold (D:3)
  4 rats
38 creatures vanquished.

Vanquished Creatures (others)
  A fungus (D:1)
  A plant (D:1)
2 creatures vanquished.

Grand Total: 40 creatures vanquished

Notes
Turn   | Place    | Note
-------+----------+-------------------------------------------
     0 | D:1      | laceratedsky the Minotaur Berserker began the quest for the
                  | Orb.
     0 | D:1      | Reached XP level 1. HP: 19/19 MP: 0/0
   360 | D:1      | Reached skill level 4 in Axes
   580 | D:1      | Reached XP level 2. HP: 22/27 MP: 1/1
   945 | D:1      | Found a faded altar of an unknown god.
  1211 | D:2      | Reached XP level 3. HP: 26/33 MP: 2/2
  1368 | D:2      | Found an ancient bone altar of Kikubaaqudgha.
  1442 | D:2      | You fall into a shaft and drop 2 floors!
  1442 | D:4      | Found a staircase to the Ecumenical Temple.
  1479 | Temple   | Entered the Ecumenical Temple
  2387 | D:3      | Found a transporter.
  2425 | D:3      | Found a transporter.
  2429 | D:3      | Noticed bande's ghost (amateur GrFi)
  2447 | D:3      | Reached skill level 5 in Axes
  2447 | D:3      | Reached XP level 4. HP: 20/41 MP: 3/3
  2450 | D:3      | HP: 1/41 [centaur zombie (2)]
  2450 | D:3      | Slain by bande's ghost

Illustrated notes

Levels and vault maps discovered:
D:1:      ebering_trefoil_3fold, layout_loops_corners,
          shapermc_ecumenical_altar_ellora
D:2:      layout_rooms, basic_altar, dk_vineyard_2
D:3:      layout_basic, portal_sewer_entry_f, gammafunk_ghost_mausoleum,
          serial_park_tiny_pond
D:4:      layout_basic, minmay_temple_entry_glass, uniq_edmund
Temple:   mainiacjoe_temple_big_plus

Skill      XL: |  1  2  3 |
---------------+----------+-----
Axes           | 4 5 |  5.1
Fighting       | 4 |  4.5
Armour         | 3 |  3.0
Dodging        | |  2.3
Stealth        | |  0.2

Action                   |  1- 3 |  4- 6 || total
-------------------------+-------+-------++-------
Melee: Hand axe          |    95 |     3 ||    98
       Headbutt          |    12 |     1 ||    13
  Use: Potion            |       |     1 ||     1
Armor: Animal skin       |     3 |       ||     3
       Ring mail         |    11 |       ||    11
       Plate armour      |    34 |    12 ||    46
Dodge: Dodged            |    59 |     2 ||    61
